 Dungeon Crawl Stone Soup version 0.17-a0-1718-g72dbe4d (webtiles) character file.

13 KambridgeKobold the Grasshopper (level 2, -1/14 HPs)
             Began as a Spriggan Warper on Aug 26, 2015.
             Slain by a gnoll
             ... wielding a +1 flail of crushing
              (4 damage)
             ... on level 2 of the Dungeon.
             The game lasted 00:04:00 (1001 turns).

KambridgeKobold the Grasshopper (Spriggan Warper)   Turns: 1001, Time: 00:04:01

Health: -1/14      AC:  2    Str:  7    XL:     2   Next: 24%
Magic:  2/7        EV: 19    Int: 14    God:
Gold:   49         SH:  0    Dex: 15    Spells: 2 memorised, 4 levels left

rFire  . . .     SeeInvis +     b - +0 dagger
rCold  . . .     Clarity  .     i - +0 robe
rNeg   . . .     SustAt   .     (shield restricted)
rPois  .         Gourm    .     (helmet restricted)
rElec  .         Spirit   .     (no cloak)
rCorr  .         Warding  .     (gloves unavailable)
rMut   .         Stasis   .     (boots unavailable)
MR     .....                    (no amulet)
Stlth  ++........               (no ring)
                                (no ring)

@: very quick, not resistant to hostile enchantments, unstealthy
A: unfitting armour, see invisible, herbivore 3, speed 3, slow metabolism 2
a: no special abilities


You were on level 2 of the Dungeon.
You were not hungry.

You visited 1 branch of the dungeon, and saw 2 of its levels.

You collected 49 gold pieces.

Inventory:

Hand weapons
 a - a +0 short sword
 b - a +0 dagger (weapon)
Missiles
 e - 5 tomahawks of dispersal (quivered)
Armour
 i - a +0 robe (worn)
Scrolls
 d - a scroll of blinking
 g - a scroll of recharging {unknown}
 h - a scroll of noise {unknown}
 j - 2 scrolls of enchant armour {unknown}
 k - 2 scrolls of remove curse {unknown}
 m - 4 scrolls of teleportation {unknown}
Potions
 l - a potion of lignification {unknown}
Books
 c - a book of Spatial Translocations

   Spells                             Type                      Level
   a - Apportation                    Translocation                1
   b - Blink                          Translocation                2
   c - Shroud of Golubria             Charms/Translocation         2
   d - Portal Projectile              Translocation                3
   e - Teleport Other                 Translocation                3
   f - Passage of Golubria            Translocation                4
Comestibles
 f - a bread ration


   Skills:
 + Level 1.6 Fighting
 - Level 2.1 Short Blades
 - Level 1.1 Throwing
 + Level 4.0 Dodging
 + Level 1.6 Stealth
 - Level 3.0 Spellcasting
 - Level 4.4 Translocations


You had 4 spell levels left.
You knew the following spells:

 Your Spells              Type           Power        Failure   Level  Hunger
a - Apportation           Tloc           ##........   3%          1    #......
b - Blink                 Tloc           N/A          6%          2    ##.....


Dungeon Overview and Level Annotations

Branches:
Dungeon (2/15)

Altars:


Innate Abilities, Weirdness & Mutations

You are tiny and cannot use many weapons and most armour.
You have supernaturally acute eyesight.
You are a herbivore.
You cover ground extremely quickly.
You need consume almost no food.


Message History

You kill the ball python!
Your Dodging skill increases to level 4!
You see here a ball python corpse.
You butcher the ball python corpse.
You see here 3 chunks of flesh.
n - 3 chunks of flesh Drop what? 14/52 slots (_ for help) (? for menu, Esc to quit)
You drop 3 chunks of flesh.
You hit the gnoll but do no damage.
The gnoll is moderately wounded.
The gnoll barely misses you.
You hit the gnoll but do no damage.
The gnoll is moderately wounded.
The gnoll closely misses you.
You hit the gnoll but do no damage.
The gnoll is moderately wounded.
The gnoll hits you from afar with a halberd.
* * * LOW HITPOINT WARNING * * *
The gnoll hits you with a flail of crushing.
You die...

#########
#.gg@...#
#.#####.# #.#
#.#######
###g#####........
#...>.........##8.
#.##.#.......## #
#.....#####
#....#.#g###
####.#<#ยง..#


You could see 2 gnolls.

Vanquished Creatures
  A ball python (D:2)
  A hobgoblin (D:1)
  3 kobolds (D:1)
  A bat (D:1)
  5 goblins (D:1)
  2 rats (D:1)
13 creatures vanquished.

Notes
Turn   | Place    | Note
--------------------------------------------------------------
     0 | D:1      | KambridgeKobold the Spriggan Warper began the quest for the Orb.
     0 | D:1      | Reached XP level 1. HP: 10/10 MP: 5/5
   349 | D:1      | Reached skill level 1 in Stealth
   486 | D:1      | Reached XP level 2. HP: 14/14 MP: 7/7
   494 | D:1      | Learned a level 2 spell: Blink
  1001 | D:2      | Slain by a gnoll

Vault maps used:
D:1:      mrwooster_arrival_statue, hangedman_abyss_or_decor_lesser_grid
D:2:      minitemple, first_bread, uniq_terence

Action                   || total
-------------------------++-------
Melee: Dagger            ||    25
       Short sword       ||     9
 Cast: Blink             ||     3
 Stab: Sleeping          ||     4
